 Dungeon Sprint DCSS version 0.30.1-11-g7821555f0a (webtiles) character file.

Game seed: 14408987198382563058

208 Groucho the Magician (level 5, -6/28 HPs)
             Began as a Deep Elf Earth Elementalist on Jan 5, 2024.
             Was a High Priest of Sif Muna.
             Mangled by a sea snake (15 damage)
             ... in the Dungeon (Sprint VII: "The Pits").
             The game lasted 00:04:11 (1013 turns).

Groucho the Magician (Deep Elf Earth Elementalist)  Turns: 1013, Time: 00:04:12

Health: -6/28      AC:  2    Str:  5    XL:     5   Next: 55%
Magic:  6/16       EV: 12    Int: 22    God:    Sif Muna [*****.]
Gold:   0          SH:  0    Dex: 15    Spells: 9/17 levels left

rFire   + . .        o - +2 dagger (venom)
rCold   + . .        (no shield)
rNeg    . . .        h - +0 robe {rC+ rF+}
rPois   .            (no helmet)
rElec   .            (no cloak)
rCorr   .            (no gloves)
SInv    .            (no boots)
Will    .....        (no amulet)
Stlth   +++          (no ring)
HPRegen 0.24/turn    (no ring)
MPRegen 0.15/turn

%: no teleportation
@: no status effects
A: no striking features
a: Renounce Religion, Channel Magic, Forget Spell, Divine Exegesis


You were in the Dungeon.
You worshipped Sif Muna.
Sif Muna was extremely pleased with you.
You visited 1 branch

Inventory:

Hand Weapons
 m - a +1 dagger of electrocution
 o - a +2 dagger of venom (weapon)
Armour
 h - a +0 robe of resistance (worn)
 n - a +3 ring mail
Scrolls
 j - 5 scrolls of amnesia
 k - a scroll of summoning
 l - 2 scrolls of vulnerability
Potions
 b - 4 potions of magic
 c - 5 potions of curing
 d - 6 potions of heal wounds
 e - a potion of haste
 f - 3 potions of berserk rage
 i - 2 potions of invisibility


   Skills:
 + Level 3.5 Short Blades
 - Level 2.4 Dodging
 + Level 5.5 Stealth
 + Level 6.9 Spellcasting
 + Level 5.0 Conjurations
 + Level 4.1 Transmutations
 + Level 6.8 Earth Magic
 + Level 3.8 Invocations


You had 9 spell levels left.
You knew the following spells:

 Your Spells              Type           Power      Damage    Failure   Level
a - Sandblast             Erth           74%        2d16      1%          1
b - Stone Arrow           Conj/Erth      66%        3d11      2%          3
c - Petrify               Tmut/Erth      31%        N/A       9%          4

Your spell library contained the following spells:

 Spells                   Type           Power      Damage    Failure   Level
 Passwall                 Tmut/Erth      25%        N/A       1%          2
 Dazzling Flash           Conj/Hex       36%        N/A       9%          3
 Volatile Blastmotes      Fire/Tloc      14%        2d11      26%         3
 Iskenderun's Mystic Bla  Conj/Tloc      18%        2d6       30%         4
 Starburst                Conj/Fire      9%         6d5       99%         6


Dungeon Overview and Level Annotations

Branches:
Dungeon (1/1)

Altars:
Ashenzari
Cheibriados
Dithmenos
Elyvilon
Fedhas
Gozag
Hepliaklqana
Kikubaaqudgha
Makhleb
Nemelex Xobeh
Okawaru
Qazlal
Ru
Sif Muna
Trog
Uskayaw
Vehumet
Wu Jian
Xom
Yredelemnul
Zin
The Shining One
Jiyva
Lugonu


Message History

The sea snake hisses angrily.
Casting: Stone Arrow (dangerous; 2% risk of failure)
Confirm with . or Enter, or press ? or * to list all spells.
Aiming: Stone Arrow (dangerous; 2% risk of failure)
Press: ? - help, Shift-Dir - straight line, f - sea snake
Aim: a sea snake (57% to hit)
The stone arrow hits the sea snake!!
The sea snake is moderately wounded.
The sea snake bites you! x2
* * * LOW HITPOINT WARNING * * *
Unknown command.
Okay, then.
Blink to where?
Press: ? - help, Dir - move target, p - sea snake
As you read the scroll of blinking, it crumbles to dust.
Casting: Stone Arrow (dangerous; 2% risk of failure)
Confirm with . or Enter, or press ? or * to list all spells.
The spell is quite dangerous to miscast (9% risk of failure)!
Continue anyway?
Aiming: Petrify (quite dangerous; 9% risk of failure)
Press: ? - help, Shift-Dir - straight line, f - sea snake
Aim: a sea snake (translocational energy, moderately wounded, chance to affect: 43%)
The sea snake resists with some effort.
Unknown command.
Unknown command.
Casting: Petrify (quite dangerous; 9% risk of failure)
Confirm with . or Enter, or press ? or * to list all spells.
The spell is quite dangerous to miscast (9% risk of failure)!
Continue anyway?
Okay, then.
Casting: Petrify (quite dangerous; 9% risk of failure)
Confirm with . or Enter, or press ? or * to list all spells.
The spell is quite dangerous to miscast (9% risk of failure)!
Continue anyway?
Aiming: Petrify (quite dangerous; 9% risk of failure)
Press: ? - help, Shift-Dir - straight line, f/p - sea snake
Aim: a sea snake (moderately wounded, chance to affect: 43%)
The sea snake is moving more slowly.
Unknown command.
There is an open door here.
The sea snake bites you!
Ouch! That really hurt!
You die...

#.#))#....÷##.....
#.#))#.....##.....
#.#..###'####.....
#.##'#....†##...<.
#.#........##.....
#.#..).....##.....
#'###########.....
#.......# ######
#@.#.#..#
#S##.##.#
#.......#+#
#.##.##.#.+
#..#.#..#'#
#.......§)#
###########


You could see a sea snake (petrifying).

Vanquished Creatures
  A necrophage (D)
  An orc priest (D)
  3 orc wizards (D)
  A white imp (D)
  An ufetubus (D)
  5 orcs (D)
  7 jackals (D)
  2 quokkas (D)
  A ball python (D)
  A ball python zombie (D)
  A bat (D)
  A frilled lizard (D)
  A rat (D)
26 creatures vanquished.

Notes
Turn   | Place    | Note
-------+----------+-------------------------------------------
     0 | D        | Groucho the Deep Elf Earth Elementalist began the quest for
                  | the Orb.
     0 | D        | Reached XP level 1. HP: 10/10 MP: 6/6
    37 | D        | Found a bloodstained altar of Trog.
    37 | D        | Found a shimmering blue altar of Sif Muna.
    37 | D        | Found a viscous altar of Jiyva.
    37 | D        | Found a hazy altar of Hepliaklqana.
    37 | D        | Found an opulent altar of Gozag.
    38 | D        | Found a glowing golden altar of the Shining One.
    38 | D        | Found a glowing silver altar of Zin.
    38 | D        | Found a basalt altar of Yredelemnul.
    38 | D        | Found a shimmering altar of Xom.
    38 | D        | Found an ornate altar of the Wu Jian Council.
    38 | D        | Found a sacrificial altar of Ru.
    38 | D        | Found a stormy altar of Qazlal.
    38 | D        | Found an iron altar of Okawaru.
    38 | D        | Found a sparkling altar of Nemelex Xobeh.
    38 | D        | Found a burning altar of Makhleb.
    38 | D        | Found a blossoming altar of Fedhas.
    38 | D        | Found a white marble altar of Elyvilon.
    38 | D        | Found a shadowy altar of Dithmenos.
    38 | D        | Found a snail-covered altar of Cheibriados.
    39 | D        | Found a radiant altar of Vehumet.
    39 | D        | Found a corrupted altar of Lugonu.
    40 | D        | Found an ancient bone altar of Kikubaaqudgha.
    40 | D        | Found a hide-covered altar of Uskayaw.
    40 | D        | Found a broken altar of Ashenzari.
    41 | D        | Became a worshipper of Sif Muna the Loreminder
    50 | D        | Reached skill level 1 in Conjurations
    52 | D        | Reached * piety under Sif Muna
   286 | D        | Reached ** piety under Sif Muna
   287 | D        | Reached XP level 2. HP: 15/15 MP: 5/8
   600 | D        | Reached skill level 5 in Earth Magic
   600 | D        | Reached *** piety under Sif Muna
   670 | D        | Reached **** piety under Sif Muna
   720 | D        | Reached skill level 1 in Short Blades
   720 | D        | Reached skill level 5 in Spellcasting
   720 | D        | Reached skill level 1 in Invocations
   720 | D        | Reached XP level 3. HP: 19/19 MP: 7/11
   736 | D        | Reached XP level 4. HP: 24/24 MP: 6/13
   737 | D        | Noticed a necrophage
   741 | D        | Killed a necrophage
   741 | D        | Reached ***** piety under Sif Muna
   742 | D        | Reached XP level 5. HP: 28/28 MP: 1/15
   748 | D        | Reached skill level 5 in Stealth
   760 | D        | Learned a level 3 spell: Stone Arrow
   765 | D        | Learned a level 4 spell: Petrify
   802 | D        | Received a gift from Sif Muna
   982 | D        | Reached skill level 5 in Conjurations
  1001 | D        | Noticed a sea snake
  1013 | D        | Mangled by a sea snake

Illustrated notes

Levels and vault maps discovered:
D:        pitsprint [storerooms_1, entrance_room_1, metal_vault_8, armoury_2,
          mini_pit_1, grid_room_1, main_hall_1, silver_pit, the_coven_3,
          the_vestibule_1, steel_vault_3, golden_pit, hallway_of_sentries,
          crystal_vault_2, iron_vault_2, final_vault]

Skill      XL: |  1  2  3  4  5 |
---------------+----------------+-----
Conjurations   | 1 3 4 5 |  5.0
Earth Magic    | 4 5 6 |  6.8
Spellcasting   | 5 6 |  6.9
Short Blades   | 1 2 3 |  3.5
Stealth        | 3 4 5 |  5.5
Transmutations | 2 3 4 |  4.1
Invocations    | 1 2 3 |  3.8
Dodging        | |  2.4

Action                     |  1- 3 |  4- 6 || total
---------------------------+-------+-------++-------
  Melee: Dagger            |     2 |     1 ||     3
   Cast: Sandblast         |    27 |     9 ||    36
         Stone Arrow       |       |     3 ||     3
         Petrify           |       |     2 ||     2
    Use: Potion            |       |     2 ||     2
         Scroll            |       |     1 ||     1
   Stab: Sleeping          |     2 |       ||     2
 Armour: Robe              |     2 |     2 ||     4
  Dodge: Dodged            |    14 |     2 ||    16
